Map: King's Cove LE

Players

Samael - Winner!

  • Race: Zerg Zerg
  • League: Silver
  • Spawn Location: 5:00

iPlayDefense

  • Race: Terran Terran
  • League: Silver
  • Spawn Location: 11:00

VOD

Have the link to the VOD?

Description

Time

  • Played on: April 17, 2025, 7:02 a.m.
  • Length: 7:40
Show
View Real Time Build Order
Export as new Build Order

Samael Zerg - Winner!

Build Orders: Hatch First 

Get SALT Encoding   

  12  0:11  Drone x2  
  14  0:18  Extractor  
  13  0:23  Extractor  
  13  0:26  Drone x2  
  14  0:38  Overlord  
  14  1:03  Hatchery  
  13  1:07  Drone  
  14  1:19  Drone  
  14  1:20  Drone  
  16  1:26  Drone  
  17  1:44  Drone x2  
  19  1:55  Spawning Pool  
  19  1:56  Drone  
  19  2:12  Drone  
  20  2:16  Overlord  
  20  2:21  Overlord  
  20  2:27  Drone  
  21  2:37  Drone  
  21  2:43  Drone x2  
  24  2:47  Queen  
  24  2:48  Zergling x2  
  27  3:03  Drone  
  27  3:04  Drone  
  29  3:06  Queen  
  29  3:09  Drone x2  
  33  3:19  Spore Crawler  
  32  3:20  Drone  
  32  3:26  Drone x2  
  35  3:29  Lair  
  35  3:40  Drone  
  36  4:09  Spine Crawler  
  35  4:13  Spine Crawler, Drone x3  
  37  4:20  Overlord x2  
  37  4:21  Drone  
  38  4:31  Drone  
  38  4:35  Overlord  
  38  4:38  Overlord  
  39  4:48  Spire  
  39  4:52  Spine Crawler  
  37  4:56  Overseer  
  37  5:00  Drone x3  
  40  5:17  Spore Crawler  
  40  5:18  Hatchery, Drone  
  39  5:23  Extractor  
  39  5:25  Extractor  
  39  5:27  Overlord  
  37  5:39  Overseer  
  37  5:46  Drone x4  
  41  5:55  Overlord  
  41  5:59  Mutalisk  
  41  6:00  Mutalisk x7  
  57  6:12  Overseer  
  57  6:16  Overseer  
  57  6:22  Mutalisk x2  
  61  6:33  Mutalisk  
  61  6:34  Zergling x2  
  64  6:43  Zergling x12  
  66  7:05  Mutalisk x3  
  66  7:06  Zergling x2  
Show
View Real Time Build Order
Export as new Build Order

iPlayDefense Terran 

Build Orders:  

Get SALT Encoding   

  12  0:00  SCV  
  13  0:21  Supply Depot  
  13  0:23  SCV  
  15  0:35  SCV  
  15  0:47  SCV  
  16  0:52  Refinery  
  16  0:56  Barracks  
  16  0:59  SCV  
  17  1:12  SCV  
  18  1:24  SCV  
  19  1:46  Orbital Command  
  19  1:52  Command Center, Barracks Reactor  
  19  2:02  Refinery  
  19  2:12  Supply Depot  
  19  2:14  SCV  
  20  2:26  SCV  
  20  2:29  Marine x2  
  23  2:38  SCV  
  24  2:47  Marine x2  
  24  2:49  Barracks  
  26  2:53  Barracks  
  26  3:15  Orbital Command  
  26  3:18  SCV  
  26  3:19  Marine x2  
  29  3:30  SCV  
  29  3:33  Supply Depot  
  30  3:37  Marine x2  
  32  3:42  Barracks Tech Lab x2  
  32  3:43  SCV  
  33  3:52  SCV  
  33  3:55  SCV, Marine x2  
  37  4:04  Supply Depot  
  37  4:05  Combat Shield, SCV  
  37  4:07  SCV  
  37  4:09  Stimpack  
  39  4:13  Marine  
  39  4:14  Supply Depot  
  41  4:17  SCV  
  41  4:19  SCV  
  42  4:30  SCV  
  42  4:31  SCV, Marine x4  
  46  4:35  Supply Depot  
  48  4:42  SCV  
  48  4:43  SCV  
  50  4:46  Factory  
  50  4:50  Marine x3  
  50  4:51  Marine  
  54  4:54  SCV  
  54  4:55  SCV  
  56  5:04  Supply Depot  
  56  5:06  SCV  
  57  5:07  SCV  
  57  5:09  Supply Depot  
  58  5:15  Refinery  
  58  5:26  SCV x2  
  58  5:27  Marine x4  
  64  5:32  Supply Depot, Factory Tech Lab  
  64  5:38  SCV  
  64  5:39  SCV  
  64  5:40  Starport  
  66  5:47  Armory  
  66  6:04  SCV  
  66  6:05  SCV, Marine x4  
  72  6:16  Siege Tank, SCV  
  72  6:17  SCV  
  77  6:23  Marine x2  
  79  6:29  Supply Depot  
  79  6:34  Starport Reactor  
  79  6:38  Supply Depot  
  79  6:48  Siege Tank  
  79  6:51  Supply Depot  
  82  6:57  Engineering Bay  
  56  7:24  Engineering Bay  
Tags
 
Matchup
TvZ
Replay Pack
DaveSC2
Spawn Locations
Cross Positions
Add a new tag
Caveats
  • Supply blocks, unpowered buildings, or Contaminate may cause inaccurate times.
  • Supply counts are checked every 10 seconds.